 Dungeon Crawl Stone Soup version 0.22-a0-362-g535178c (webtiles) character file.

666620 seren the Conqueror (level 27, -3/290 HPs)
             Began as an Ogre Berserker on Apr 2, 2018.
             Was a High Priest of Trog.
             Killed by divine providence
             ... invoked by a green draconian stormcaller
              (12 damage)
             ... on level 5 of the Realm of Zot on Apr 19, 2018.
             The game lasted 07:45:19 (102854 turns).

seren the Conqueror (Ogre Berserker)              Turns: 102854, Time: 07:45:20

Health: -3/290     AC: 36    Str: 38    XL:     27
Magic:  10/10      EV: 20    Int:  8    God:    Trog [*****.]
Gold:   5896       SH:  0    Dex: 17    Spells: 26/26 levels left

rFire    + . .     SeeInvis .   a - +9 executioner's axe (antimagic)
rCold    + + .     Gourm    .   (shield currently unavailable)
rNeg     + . .     Faith    .   z - +3 gold dragon scales
rPois    +         Spirit   .   r - +0 hat of the King of Wands {Regen+}
rElec    .         Reflect  .   K - +1 cloak {MR+}
rCorr    .         Harm     .   (gloves unavailable)
MR       +++++                  (boots unavailable)
Stlth    ..........             j - macabre finger necklace {rN+}
HPRegen  1.98/turn              x - ring of Pitei {rC+ Str+3 Dex+3}
MPRegen  0.12/turn              Z - ring of Robustness {AC+8}
                                X - +6 ring of evasion

@: mighty, frozen, regenerating, very slow
A: large, unfitting armour, blurry vision 1, deterioration 1, frail 1, low mp 1,
tough skin 1, weak 1, subdued magic 1
}: 3/15 runes: decaying, serpentine, silver
a: Berserk, Trog's Hand, Brothers in Arms, Renounce Religion


You were on level 5 of the Realm of Zot.
You worshipped Trog.
Trog was extremely pleased with you.
You were hungry.

You visited 11 branches of the dungeon, and saw 53 of its levels.
You visited the Abyss 1 time.
You visited 1 bazaar.
You also visited: Trove, Ice Cave and Wizlab.

You collected 9767 gold pieces.
You spent 3871 gold pieces at shops.

Inventory:

Hand Weapons
 a - a +9 antimagic executioner's axe (weapon)
 b - the +12 battleaxe of Resumed Hostilities {freeze, +Rage rElec Int+2}
   (Trog gifted it to you on level 2 of the Orcish Mines)

   It has been specially enchanted to freeze those struck by it, causing extra
   injury to most foes and up to half again as much damage against particularly
   susceptible opponents.
   It can also slow down cold-blooded creatures.
   It affects your intelligence (+2).
   It insulates you from electricity.
   It lets you go berserk.
 f - the +5 executioner's axe of Padwegaq {chop, +Fly Str+3}
   (You found it on level 1 of the Realm of Zot)

   It inflicts extra damage upon your enemies.
   It affects your strength (+3).
   It lets you fly.
 T - a +3 battleaxe of flaming
Missiles
 I - 7 throwing nets {!f}
 S - 169 large rocks (quivered)
Armour
 r - the +0 hat of the King of Wands (worn) {Regen+}
   (You acquired it on level 2 of the Swamp)

   It increases your rate of regeneration.
 z - +3 gold dragon scales (worn)
 K - a +1 cloak of magic resistance (worn)
Jewellery
 j - the macabre finger necklace (around neck) {rN+}
   (You found it on level 3 of the Crypt)

   [amulet of nothing]

   It protects you from negative energy.
 m - the ring "Cogaitt" {*Slow rC+ MR+ Str+9}
   (You found it on level 2 of the Snake Pit)

   [ring of protection from magic]

   It affects your strength (+9).
   It protects you from cold.
   It affects your resistance to hostile enchantments.
   It may slow you when you take damage.
 n - the ring of Elocosch {rPois Str-5 Dex+7 SInv}
   (You took it off an ironheart preserver on level 5 of the Vaults)

   [ring of see invisible]

   It affects your strength (-5).
   It affects your dexterity (+7).
   It protects you from poison.
   It lets you see invisible.
 o - the ring of the Camelopard {rC+ rN+ Str+2 Int+4}
   (You found it in a treasure trove)

   [ring of positive energy]

   It affects your strength (+2).
   It affects your intelligence (+4).
   It protects you from cold.
   It protects you from negative energy.
 x - the ring of Pitei (left hand) {rC+ Str+3 Dex+3}
   (You found it on level 4 of the Depths)

   [ring of protection from cold]

   It affects your strength (+3).
   It affects your dexterity (+3).
   It protects you from cold.
 y - the amulet of the Ten Suns {Gourm rC+ Int-2 Dex+4}
   (You bought it in a shop on level 9 of the Dungeon)

   [amulet of the gourmand]

   It allows you to eat raw meat even when not hungry.
   It affects your intelligence (-2).
   It affects your dexterity (+4).
   It protects you from cold.
 O - an uncursed ring of resist corrosion
 V - the ring of Ponla {rN+ Dex+4 Slay+2}
   (You found it in a treasure trove)

   [ring of slaying]

   It affects your dexterity (+4).
   It affects your accuracy and damage with ranged weapons and melee attacks
   (+2).
   It protects you from negative energy.
 X - a +6 ring of evasion (on amulet)
 Z - the ring of Robustness (right hand) {AC+8}
   (You found it on level 4 of the Snake Pit)

   [ring of protection]

   It affects your AC (+8).
Wands
 A - a wand of digging (33)
 C - a wand of acid (58)
 Y - a wand of scattershot (3)
Scrolls
 d - 9 scrolls of fog
 e - a scroll of blinking {!r}
 g - 9 scrolls of magic mapping
 l - 11 scrolls of remove curse
 p - a scroll of brand weapon
 s - 9 scrolls of identify
 u - 16 scrolls of teleportation {!r}
 R - 7 scrolls of fear
Potions
 h - a potion of ambrosia
 t - 12 potions of curing
 w - 2 potions of flight
 D - a potion of invisibility
 E - 7 potions of agility
 F - 7 potions of heal wounds
 G - 11 potions of haste
 J - 4 potions of berserk rage
 N - 6 potions of cancellation
 P - 4 potions of resistance
 Q - 5 potions of might
Miscellaneous
 k - a lamp of fire
 q - a phial of floods
 B - 6 boxes of beasts
 W - 6 phantom mirrors
Comestibles
 c - 69 rations


   Skills:
 O Level 27 Fighting
 - Level 26.1 Axes
   Level 1.5(16.8) Maces & Flails
 - Level 20.2 Throwing
 + Level 17.8 Armour
 - Level 14.2 Dodging
 - Level 15.0 Evocations


You had 26 spell levels left.
You didn't know any spells.

Dungeon Overview and Level Annotations

Branches:
Dungeon (15/15)            Temple (1/1) D:4            Lair (6/6) D:8
  Swamp (4/4) Lair:2        Snake (4/4) Lair:4        Slime (0/5) Lair:6
    Orc (2/2) D:12            Elf (3/3) Orc:2        Vaults (5/5) D:13
  Crypt (3/3) Vaults:3       Tomb (0/3) Crypt:3      Depths (5/5) D:15
    Zot (5/5) Depths:5

Altars:
Ashenzari
Cheibriados
Dithmenos
Elyvilon
Fedhas
Gozag
Hepliaklqana
Kikubaaqudgha
Makhleb
Nemelex Xobeh
Okawaru
Qazlal
Ru
Sif Muna
Trog
Uskayaw
Vehumet
Wu Jian
Xom
Yredelemnul
Zin
The Shining One
Beogh

Shops:
D:4 %=*:%   D:5 *   D:9 }!=   D:15 (   Orc:2 [(!:*   Elf:1 !   Elf:3 (?%!

Portals:
Hell: Lair:6 Depths:1 Depths:2 Depths:3 Depths:4 Depths:5
Abyss: Depths:3 Depths:4
Pandemonium: Depths:1 Depths:3
Ziggurat: Depths:4

Annotations:
Lair:5 exclusion: downstairs
Swamp:1 exclusion: downstairs
Swamp:3 exclusion: downstairs
Swamp:4 Lernaean hydra
Vaults:2 exclusion: downstairs


Innate Abilities, Weirdness & Mutations

You are too large for most types of armour.
You have tough skin. (AC +1)
Scrolls take you a little longer to read.
Your body sometimes deteriorates upon taking damage.
You are frail. (-10% HP)
Your magical capacity is low. (-10% MP)
You are weak. (Str -2)
Your spells are a little easier to cast, but a little less powerful.


Message History

Your shadow dragon bites the orb of fire but does no damage.
Your shadow dragon misses the orb of fire.
Your shadow dragon barely misses the orb of fire.
Something hits your shadow dragon.
The green draconian stormcaller hits your tentacled monstrosity with a long sword of slicing!
The green draconian stormcaller barely misses your tentacled monstrosity.
The Orb Guardian hits your tentacled monstrosity!!
Your tentacled monstrosity dies!
The Orb Guardian hits you!!!
* * * LOW HITPOINT WARNING * * *
The moth of wrath barely misses you.
You begin reading the scroll.
You continue reading the scroll.
The Orb Guardian hits you!!!
* * * LOW HITPOINT WARNING * * *
Your shadow dragon closely misses something.
Your shadow dragon claws something but does no damage. x2
Something hits your shadow dragon!
The green draconian stormcaller mumbles some strange prayers to Qazlal against you.
Qazlal smites you!
You die...

# ▓ *******#########
**,,,,,,........##
**,,,,,,,.........##
*,,,,,,,,(.........##
,,,,,,,,,...........#
,,,,,,,,,...........#
,,,,,,,.,...........#
,,,,,,..,.......@...#
,,,,,...,......HXpX.#
,,,,.**.,......)y...#
#,,.....,....Dq....##
##§§.D..,...*.....##
D§§.....,...Lqd..##
▓▓▓▓▓▓▓▓*##.....▓▓
**,,,,,,,.......,**
,,,,,,,,,.......,,**


You could see an orb of fire, a Killer Klown, a white draconian knight, an
ancient lich, a yellow draconian, a green draconian stormcaller, 2 Orb
Guardians, a moth of wrath, a friendly shadow dragon (berserk) and a friendly
mature oxsting beast.

Vanquished Creatures
  4 orbs of fire (Zot:5)
  Mara (Elf:2)
  4 ancient liches
  The ghost of Leszczynek the Human Blade, a legendary HuWz of Hepliaklqana (Zot:3)
  2 juggernauts
  Sojobo (Depths:3)
  Boris (Depths:5)
  The ghost of Totori the Champion of Chaos, a veteran DsGl of Makhleb (Zot:1)
  3 curse toes
  A Killer Klown (Zot:4)
  Vashnia (Snake:4)
  A caustic shrike (Depths:3)
  Jory (Vaults:5)
  11 golden dragons
  A profane servitor (Crypt:3)
  A bone dragon (Crypt:3)
  5 electric golems
  3 liches
  11 tentacled monstrosities
  11 Orb Guardians (Zot:5)
  Asterion (Snake:1)
  3 deep elf blademasters
  2 deep elf master archers (Elf:3)
  5 quicksilver dragons
  5 titans
  5 sphinxes
  An eldritch tentacle (Vaults:3)
  Kirke (Swamp:2)
  The ghost of Serpenta the Shatterer, an adept OgCK of Xom (Swamp:3)
  4 ancient champions
  18 storm dragons
  10 shadow dragons
  8 death cobs
  Agnes (Snake:4)
  11 tengu reavers
  Donald (Snake:4)
  13 nagarajas (Snake:4)
  3 draconian monks
  10 frost giants
  3 revenants
  2 iron dragons (Vaults:5)
  4 draconian scorchers
  5 ghost moths
  7 fire giants
  Louise (Swamp:3)
  9 vault wardens
  4 draconian knights
  4 draconian stormcallers
  2 curse skulls
  6 deep elf sorcerers
  3 draconian annihilators
  4 draconian shifters
  3 deep elf elementalists
  4 spriggan defenders
  A war gargoyle (Vaults:5)
  5 ghouls
  24 very ugly things
  4 entropy weavers
  16 stone giants
  7 vampire knights
  2 grey draconians (Depths:5)
  15 ironheart preservers
  The ghost of Armakuni the Cleaver, a journeyman DgAE (Lair:6)
  8 deep elf annihilators
  11 black draconians
  13 purple draconians
  4 deep elf demonologists
  9 green draconians
  Azrael (Orc:2)
  7 red draconians
  A spark wasp (Depths:3)
  A spark wasp (shapeshifter) (Depths:3)
  14 white draconians
  A merfolk javelineer (Depths:3)
  12 yellow draconians
  2 dire elephants (Lair:6)
  21 ettins
  19 jiangshi
  2 eidola (Crypt:1)
  15 deep elf death magi
  7 fire dragons
  8 deep elf high priests
  21 hydras
  Josephine (Lair:5)
  A quicksilver dragon zombie (Crypt:2)
  19 yaktaur captains
  Erolcha (Orc:2)
  9 great orbs of eyes
  Harold (D:12)
  37 vault guards
  5 rakshasas
  A ghost crab (Swamp:4)
  28 naga warriors
  17 ice dragons
  3 catoblepae
  9 anacondas
  2 spriggan air magi
  4 death knights
  17 alligators
  24 dancing weapons
  8 deep troll shamans
  5 centaur warriors
  7 death yaks
  4 deep troll earth magi
  60 two-headed ogres
  4 vampire magi
  18 ogre magi
  3 tengu warriors
  A shock serpent (shapeshifter) (Vaults:3)
  5 spriggan berserkers
  11 shock serpents
  20 naga sharpshooters
  22 deep elf knights
  A storm dragon zombie (Crypt:2)
  28 skeletal warriors
  2 iron trolls (Depths:4)
  4 hell knights
  2 salamander mystics
  6 shadow wraiths
  4 spriggan druids
  A sixfirhy (Lair:6)
  A ghost moth zombie (Crypt:2)
  5 unseen horrors
  A glowing orange brain (shapeshifter) (Depths:5)
  14 deep trolls
  6 wizards
  4 glowing orange brains
  11 naga ritualists
  14 swamp dragons
  A swamp dragon (shapeshifter) (Vaults:5)
  An orange crystal statue (Vaults:4)
  5 shambling mangroves
  15 ironbrand convokers
  3 flayed ghosts
  19 deep elf archers
  13 orc knights
  A sphinx zombie (Depths:1)
  11 necromancers
  8 phantasmal warriors
  5 harpies (Vaults:2)
  An orb spider (shapeshifter) (Elf:1)
  55 deep elf magi
  7 wolf spiders
  45 ugly things
  9 mana vipers
  An orb spider (Zot:2)
  An oklob plant (Lair:1)
  11 cyclopes
  A fire giant zombie (Depths:1)
  18 orc sorcerers
  A shining eye (shapeshifter) (Depths:5)
  15 salamanders
  2 manticores
  An elephant (Lair:6)
  A moth of wrath (shapeshifter) (Vaults:1)
  A spectral ettin (Crypt:3)
  A cyclops (shapeshifter) (Elf:2)
  An iron dragon skeleton (Crypt:2)
  10 vault sentinels
  A smoke demon (Lair:6)
  32 moths of wrath
  A guardian serpent (shapeshifter) (Vaults:5)
  27 naga magi
  46 black mambas
  2 molten gargoyles
  10 guardian serpents
  4 centaur skeletons
  A gargoyle (D:14)
  16 spiny frogs
  A dire elephant skeleton (Crypt:2)
  An orange demon (Lair:6)
  5 spectral swamp worms (Depths:2)
  5 rime drakes
  68 yaktaurs
  A kobold demonologist (D:14)
  11 freezing wraiths
  A redback zombie (Crypt:1)
  4 ice devils (Lair:6)
  7 komodo dragons
  7 tengu conjurers
  A golden dragon simulacrum (Crypt:1)
  A white draconian skeleton (Crypt:2)
  A pale draconian skeleton (Crypt:1)
  9 trolls
  9 jumping spiders
  3 trolls (shapeshifter)
  3 polar bears
  24 blink frogs
  9 bog bodies
  A tengu simulacrum (Vaults:3)
  22 hornets
  A wind drake (shapeshifter) (Vaults:5)
  9 hippogriffs
  2 hippogriffs (shapeshifter)
  4 tyrant leeches
  4 dream sheep (Lair:6)
  An ettin zombie (Crypt:2)
  9 air elementals
  35 slime creatures
  A raiju (Vaults:3)
  A stone giant simulacrum (Crypt:3)
  A black mamba zombie (Crypt:1)
  2 redbacks (Vaults:2)
  9 water elementals
  50 flying skulls (Crypt:3)
  11 wraiths
  58 yaks
  10 spriggans
  6 shadows
  A black mamba skeleton (Crypt:1)
  A human (D:13)
  A yak (shapeshifter) (Vaults:3)
  A tarantella (shapeshifter) (Vaults:4)
  3 basilisks
  A large abomination (Crypt:3)
  5 tarantellas
  6 wyverns
  A dire elephant simulacrum (Crypt:2)
  4 vampires
  Eustachio (D:6)
  A basilisk (shapeshifter) (Elf:3)
  5 fire elementals
  3 hogs (Swamp:2)
  The ghost of TheNamelessOne the Skirmisher, an amateur DsCK of Xom (D:4)
  15 vampire mosquitoes
  A steam dragon (D:13)
  A swamp worm (shapeshifter) (Vaults:5)
  9 insubstantial wisps (Swamp:4)
  A spectral spiny frog (Crypt:3)
  17 swamp worms
  9 wargs
  84 nagas
  4 two-headed ogre zombies (WizLab)
  An acid dragon (Vaults:2)
  A spatial vortex (Vaults:3)
  A soldier ant (D:14)
  A floating eye (Depths:5)
  An infernal demonspawn skeleton (Crypt:1)
  12 porcupines
  11 water moccasins
  6 hell hounds
  A faun skeleton (Crypt:2)
  34 orc warriors
  4 phantoms
  11 swamp drakes
  3 sky beasts
  A black bear (D:7)
  An eye of draining (D:12)
  2 elephant zombies (Lair:4)
  10 ice beasts
  An ice dragon simulacrum (Crypt:2)
  46 ogres
  6 necrophages
  17 centaurs
  5 boggarts
  18 wolves
  A swamp dragon skeleton (Crypt:2)
  10 crocodiles
  2 big kobolds
  A gnoll sergeant (D:7)
  17 bullfrogs
  2 earth elementals
  A glowing shapeshifter simulacrum (Depths:1)
  5 scorpions
  7 troll zombies
  28 killer bees
  21 wights
  4 electric eels
  A yak skeleton (Crypt:1)
  3 howler monkeys
  A spriggan skeleton (Crypt:1)
  4 crimson imps
  3 small abominations (Crypt:3)
  3 troll skeletons (Swamp:3)
  2 quasits (D:10)
  A basilisk zombie (Crypt:2)
  3 centaur zombies
  A lava snake (D:11)
  2 bullfrog zombies
  5 hounds
  46 orc wizards
  20 orc priests
  5 jellies
  6 iguanas
  An iron imp (Depths:3)
  5 bullfrog skeletons
  Ijyb (D:3)
  Natasha (thrice) (D:3)
  12 worker ants
  4 lightning spires (Vaults:3)
  7 ogre zombies (WizLab)
  2 crocodile zombies (Lair:4)
  A felid skeleton (Crypt:2)
  2 hound zombies (D:8)
  A hound skeleton (D:7)
  A worker ant zombie (D:9)
  25 gnolls
  9 adders
  4 shadow imps
  An ufetubus (Depths:1)
  2 adder skeletons
  6 worms
  2 dart slugs
  3 leopard geckos
  119 orcs
  3 ball pythons
  6 giant cockroaches
  8 goblins
  7 hobgoblins
  7 jackals
  21 kobolds
  12 quokkas
  10 bats
  A dart slug zombie (Crypt:1)
  8 frilled lizards
  A frilled lizard skeleton (Crypt:2)
  A gnoll skeleton (Crypt:1)
  2 jackal skeletons
  A jackal zombie (D:5)
  A kobold skeleton (Crypt:2)
  A leopard gecko zombie (Crypt:2)
  9 rats
  25 fungi
  31 plants
2685 creatures vanquished.

Vanquished Creatures (collateral kills)
  2 orbs of fire
  Saint Roka (Vaults:2)
  A caustic shrike (Depths:3)
  Nikola (Swamp:2)
  2 Orb Guardians (Zot:5)
  Frances (D:13)
  A draconian monk (Zot:4)
  A black draconian (Zot:5)
  A deep elf demonologist (Elf:3)
  Nessos (Lair:6)
  Fannar (Lair:3)
  A death knight (Crypt:3)
  A hell knight (Depths:3)
  A queen bee (Lair:3)
  A blink frog (Lair:3)
  A hippogriff (Lair:3)
  2 dream sheep (Lair:6)
  A basilisk (Lair:6)
  A crocodile (Lair:6)
  A wolf (Lair:3)
  7 killer bees (Lair:3)
  A jelly (Lair:6)
31 creatures vanquished.

Vanquished Creatures (others)
  A curse toe (Zot:4)
  A draconian monk (Zot:4)
  A draconian knight (Zot:4)
  A very ugly thing (Depths:3)
  A purple draconian (Zot:4)
  3 red draconians (Zot:4)
  A ghost moth zombie (Crypt:2)
  A human (Swamp:2)
  An insubstantial wisp (Swamp:4)
  An orc wizard (D:8)
  A ball lightning (Vaults:3)
  An orc (Orc:2)
  A jackal skeleton (D:6)
  22 fungi
  8 plants
45 creatures vanquished.

Grand Total: 2761 creatures vanquished

Notes
Turn   | Place    | Note
-------+----------+-------------------------------------------
     0 | D:1      | seren the Ogre Berserker began the quest for the Orb.
     0 | D:1      | Reached XP level 1. HP: 24/24 MP: 1/1
   197 | D:1      | Reached XP level 2. HP: 24/32 MP: 2/2
   585 | D:1      | Reached XP level 3. HP: 33/40 MP: 3/3
  1203 | D:2      | Reached ** piety under Trog
  1331 | D:2      | Reached skill level 5 in Fighting
  1565 | D:2      | Reached XP level 4. HP: 23/50 MP: 4/4
  2745 | D:2      | Reached XP level 5. HP: 48/58 MP: 5/5
  2908 | D:3      | Reached skill level 1 in Throwing
  3283 | D:3      | Reached *** piety under Trog
  3343 | D:2      | Reached skill level 6 in Fighting
  3343 | D:2      | Reached XP level 6. HP: 18/67 MP: 6/6
  3759 | D:3      | Found a faded altar of an unknown god.
  3839 | D:3      | Noticed Natasha
  3847 | D:3      | Killed Natasha
  3927 | D:3      | Noticed Ijyb
  4105 | D:4      | Found Lunafrach's General Store.
  4298 | D:4      | Found Casacosa's Food Shoppe.
  4366 | D:4      | Reached skill level 5 in Axes
  4410 | D:4      | Found Ifutaquo's Book Boutique.
  4433 | D:3      | Noticed Natasha
  4669 | D:3      | Killed Natasha
  4669 | D:3      | Reached XP level 7. HP: 52/76 MP: 7/7
  4862 | D:3      | Noticed Natasha
  4877 | D:3      | Killed Natasha
  5032 | D:4      | Reached skill level 7 in Fighting
  5036 | D:4      | Found Pejiladdut's Food Boutique.
  5319 | D:4      | Noticed TheNamelessOne's ghost (amateur DsCK)
  5503 | D:4      | Found a shattered altar of Ashenzari.
  5598 | D:5      | Entered Level 5 of the Dungeon
  5604 | D:4      | Found a staircase to the Ecumenical Temple.
  5666 | Temple   | Entered the Ecumenical Temple
  5833 | D:4      | Reached **** piety under Trog
  5912 | D:4      | Found Guuwin's Jewellery Shop.
  6281 | D:5      | Reached skill level 8 in Fighting
  6281 | D:5      | Reached XP level 8. HP: 71/88 MP: 8/8
  6933 | D:5      | Found Hiux's General Store.
  7024 | D:5      | Received a gift from Trog
  7732 | D:6      | Reached skill level 9 in Fighting
  8191 | D:6      | Noticed a cyclops
  8306 | D:6      | Got a pitted falchion
  8348 | D:6      | Noticed Eustachio
  8417 | D:6      | HP: 5/138 [river rat[Eustachio] (6)]
  8423 | D:6      | Killed Eustachio
  8423 | D:6      | Reached skill level 5 in Dodging
  8897 | D:6      | Reached XP level 9. HP: 92/101 MP: 9/9
  9080 | D:6      | Reached skill level 10 in Fighting
 10204 | D:3      | Killed Ijyb
 10349 | D:4      | Found an opulent altar of Gozag.
 10991 | D:7      | Reached skill level 1 in Evocations
 11316 | D:7      | Found a shadowy altar of Dithmenos.
 12671 | D:8      | Noticed a two-headed ogre
 12701 | D:7      | Reached XP level 10. HP: 65/110 MP: 11/11
 12897 | D:7      | Reached skill level 10 in Axes
 13748 | D:8      | Found a staircase to the Lair.
 14563 | D:8      | Killed a two-headed ogre
 14563 | D:8      | Reached skill level 5 in Evocations
 14575 | D:8      | Reached ***** piety under Trog
 15578 | D:4      | Bought an uncursed ring of see invisible for 180 gold pieces
 15790 | D:8      | Noticed an unseen horror
 15803 | D:8      | Killed an unseen horror
 16131 | D:8      | Found a sacrificial altar of Ru.
 16518 | D:9      | Found Gidghe's Gadget Shop.
 16554 | D:9      | Identified the cursed +0 falchion "seren's Bane" {speed, rF+ MR- Int+9} (You found it on level 6 of the Dungeon)
 16787 | Lair:1   | Entered Level 1 of the Lair of Beasts
 16789 | Lair:1   | Noticed a four-headed hydra
 16794 | Lair:1   | Killed a four-headed hydra
 16794 | Lair:1   | Reached skill level 11 in Fighting
 16794 | Lair:1   | Reached XP level 11. HP: 120/120 MP: 15/15
 17934 | Lair:1   | Found a blossoming altar of Fedhas.
 17948 | Lair:1   | Noticed an oklob plant
 18406 | Lair:1   | Reached skill level 12 in Fighting
 19378 | Lair:1   | Noticed a four-headed hydra
 19389 | Lair:1   | Killed a four-headed hydra
 20758 | Lair:1   | Reached XP level 12. HP: 132/132 MP: 16/16
 22601 | Lair:2   | Got a dazzling halberd
 22678 | Lair:2   | Found a staircase to the Swamp.
 23394 | Lair:3   | Noticed Fannar
 23404 | Lair:3   | Killed Fannar
 24261 | Lair:3   | Noticed a six-headed hydra
 24466 | Lair:3   | Killed a six-headed hydra
 25614 | Lair:3   | Reached skill level 13 in Fighting
 26268 | Lair:4   | Found a staircase to the Snake Pit.
 26400 | Lair:4   | Noticed a catoblepas
 26474 | Lair:4   | Killed a catoblepas
 26476 | Lair:4   | Reached XP level 13. HP: 109/144 MP: 18/18
 26626 | Lair:4   | Reached skill level 5 in Throwing
 26714 | Lair:4   | Received a gift from Trog
 28141 | Lair:5   | Found a frozen archway.
 28349 | IceCv    | Entered an ice cave
 28666 | Lair:5   | Noticed Josephine
 28919 | Lair:5   | Killed Josephine
 28919 | Lair:5   | Reached skill level 14 in Fighting
 29558 | Lair:6   | Entered Level 6 of the Lair of Beasts
 29600 | Lair:6   | Noticed Armakuni's ghost (journeyman DgAE)
 29757 | Lair:1   | Identified the +4 halberd of Boilyus {chop, Int+4} (You found it on level 2 of the Lair of Beasts)
 29877 | D:9      | Found Rosamn's Jewellery Emporium.
 30013 | D:9      | Found Itzaasan's Distillery.
 30526 | D:10     | Entered Level 10 of the Dungeon
 30802 | D:10     | Reached skill level 15 in Axes
 30926 | D:10     | Received a gift from Trog
 31613 | D:10     | Received a gift from Trog
 32649 | D:11     | Found a radiant altar of Vehumet.
 33055 | D:12     | Received a gift from Trog
 33207 | D:12     | Noticed Harold
 33783 | D:11     | Paralysed by a hornet for 1 turns
 34427 | D:12     | Found a staircase to the Orcish Mines.
 34449 | D:12     | Reached XP level 14. HP: 65/156 MP: 19/19
 35046 | D:12     | Received a gift from Trog
 35908 | D:12     | Killed Harold
 36174 | D:12     | Received a gift from Trog
 37105 | Orc:1    | Entered Level 1 of the Orcish Mines
 37619 | Orc:1    | Received a gift from Trog
 37868 | Orc:1    | Found a dark tunnel.
 37896 | Orc:2    | Entered Level 2 of the Orcish Mines
 37896 | Orc:2    | Found Uklo's Assorted Antiques.
 38140 | Orc:2    | Noticed Azrael
 38149 | Orc:1    | Received a gift from Trog
 39083 | Orc:2    | Killed Azrael
 39198 | Orc:2    | Found a bloodstained altar of Trog.
 39524 | Orc:2    | Found a staircase to the Elven Halls.
 39861 | Orc:2    | Received a gift from Trog
 39971 | Orc:2    | Found Arol's Antique Armour Shop.
 40010 | Orc:2    | Found Caquiclo's Distillery.
 40031 | Orc:2    | Bought a potion of heal wounds for 70 gold pieces
 40056 | Orc:2    | Found a radiant altar of Vehumet.
 40057 | Orc:2    | Noticed Erolcha
 40071 | Orc:2    | Killed Erolcha
 40073 | Orc:2    | Found Doezairr's Antique Weapon Boutique.
 40096 | Orc:2    | Found an ancient bone altar of Kikubaaqudgha.
 40110 | Orc:2    | Reached skill level 15 in Fighting
 40110 | Orc:2    | Reached skill level 10 in Dodging
 40216 | Orc:2    | Received a gift from Trog
 40224 | Orc:2    | Found a roughly hewn altar of Beogh.
 40224 | Orc:2    | Found Huhanwih's Book Shop.
 40227 | Orc:2    | Got an iridescent battleaxe {god gift}
 40432 | Orc:2    | Identified the +12 battleaxe of Resumed Hostilities {freeze, +Rage rElec Int+2} (Trog gifted it to you on level 2 of the Orcish Mines)
 40865 | Lair:6   | Reached XP level 15. HP: 143/167 MP: 20/20
 41133 | Lair:6   | Noticed Nessos
 41148 | Lair:6   | Killed Nessos
 41407 | Lair:6   | Killed Armakuni's ghost
 41719 | Lair:6   | Reached skill level 10 in Throwing
 42081 | Lair:6   | Found a burning altar of Makhleb.
 42118 | Lair:6   | Received a gift from Trog
 42632 | Lair:6   | Found a gateway to Hell.
 42640 | Lair:6   | Got a dazzling quarterstaff
 42653 | Lair:6   | Identified the cursed +1 quarterstaff "Fonuasho" {flame, rElec} (You found it on level 6 of the Lair of Beasts)
 42806 | Lair:6   | Found a staircase to the Slime Pits.
 43211 | D:4      | Killed TheNamelessOne's ghost
 43681 | D:13     | Noticed Frances
 43692 | D:13     | Killed Frances
 43692 | D:13     | Reached skill level 16 in Fighting
 44097 | D:13     | Found a portal to a secret trove of treasure.
 44834 | D:14     | Received a gift from Trog
 45927 | D:14     | Reached XP level 16. HP: 173/179 MP: 21/21
 46066 | D:14     | Received a gift from Trog
 46431 | D:15     | Entered Level 15 of the Dungeon
 47168 | D:15     | Found Tusad's Antique Weapon Emporium.
 47489 | D:15     | Found a staircase to the Depths.
 47679 | D:9      | Bought the amulet of the Ten Suns {Gourm rC+ Int-2 Dex+4} for 771 gold pieces
 48155 | Swamp:1  | Entered Level 1 of the Swamp
 48186 | Swamp:1  | Reached skill level 1 in Armour
 48377 | Swamp:1  | Received a gift from Trog
 48562 | Swamp:1  | Paralysed by a hornet for 1 turns
 49679 | Swamp:2  | Noticed a tentacled monstrosity
 49800 | Swamp:2  | Killed a tentacled monstrosity
 49874 | Swamp:2  | Noticed Kirke
 49896 | Swamp:2  | Killed Kirke
 50123 | Swamp:2  | Received a gift from Trog
 50257 | Swamp:2  | Noticed Nikola
 50436 | Swamp:2  | Killed Nikola
 50457 | Swamp:2  | Reached skill level 5 in Armour
 51113 | Swamp:2  | Identified a scroll of acquirement
 51114 | Swamp:2  | Got a heavily runed hat
 51120 | Swamp:2  | Identified the +0 hat of the King of Wands {Regen+} (You acquired it on level 2 of the Swamp)
 51121 | Swamp:3  | Noticed Louise
 51279 | Swamp:3  | Received a gift from Trog
 51323 | Swamp:3  | Killed Louise
 51408 | Swamp:3  | Noticed Serpenta's ghost (adept OgCK)
 51766 | Swamp:4  | Entered Level 4 of the Swamp
 51846 | Swamp:3  | Received a gift from Trog
 51846 | Swamp:3  | Reached XP level 17. HP: 187/187 MP: 22/22
 52283 | Swamp:3  | Received a gift from Trog
 52546 | Swamp:3  | Killed Serpenta's ghost
 52803 | Swamp:4  | Got a warped rapier
 53210 | Swamp:4  | Received a gift from Trog
 53222 | Swamp:4  | Noticed the 27-headed Lernaean hydra
 53524 | Snake:1  | Entered Level 1 of the Snake Pit
 53524 | Snake:1  | Noticed Asterion
 53538 | Snake:1  | Killed Asterion
 54049 | Snake:1  | Reached skill level 10 in Armour
 54476 | Snake:2  | Received a gift from Trog
 54627 | Snake:2  | Found a transporter.
 54820 | Snake:2  | Received a gift from Trog
 55140 | Snake:2  | Reached XP level 18. HP: 198/198 MP: 23/23
 55148 | Snake:2  | Found a transporter.
 55473 | Snake:3  | Received a gift from Trog
 55739 | Snake:3  | Reached skill level 17 in Fighting
 56532 | Snake:4  | Entered Level 4 of the Snake Pit
 56547 | Snake:4  | Found a flickering gateway to a bazaar.
 56565 | Bazaar   | Entered a bazaar
 56565 | Bazaar   | Found Qacveev's Gadget Boutique.
 56565 | Bazaar   | Found Epicleoh's Distillery.
 56565 | Bazaar   | Found Tomyopn's Food Shop.
 56565 | Bazaar   | Found Seulateu's General Store.
 56565 | Bazaar   | Found Qorrah's Book Boutique.
 56584 | Bazaar   | Bought a lamp of fire for 360 gold pieces
 56584 | Bazaar   | Bought a phial of floods for 360 gold pieces
 56588 | Bazaar   | Bought 2 potions of heal wounds for 130 gold pieces
 56588 | Bazaar   | Bought a potion of haste for 130 gold pieces
 56588 | Bazaar   | Bought a potion of heal wounds for 65 gold pieces
 56588 | Bazaar   | Bought a potion of heal wounds for 65 gold pieces
 56588 | Bazaar   | Bought 2 potions of cancellation for 208 gold pieces
 56632 | Snake:4  | Found the ring of Robustness {AC+8}
 56752 | Snake:4  | Noticed Donald
 56766 | Snake:4  | Killed Donald
 56869 | Snake:4  | Received a gift from Trog
 56880 | Snake:4  | Noticed Vashnia
 56970 | Snake:4  | Noticed Agnes
 57042 | Snake:4  | Reached skill level 18 in Fighting
 57672 | Snake:4  | Reached skill level 19 in Fighting
 57757 | Snake:4  | Killed Agnes
 58317 | Snake:4  | Received a gift from Trog
 58322 | Snake:4  | Got a polished giant club {god gift}
 58323 | Snake:4  | Identified the +8 giant club of Ofarap {vamp, +Fly rPois Str-4 Dex-4} (Trog gifted it to you on level 4 of the Snake Pit)
 58390 | Snake:4  | Killed Vashnia
 58390 | Snake:4  | Reached skill level 1 in Maces & Flails
 58390 | Snake:4  | Reached XP level 19. HP: 194/218 MP: 24/24
 58417 | Snake:4  | Reached skill level 20 in Fighting
 59308 | Snake:4  | Reached skill level 21 in Fighting
 59368 | Snake:4  | Received a gift from Trog
 60174 | Snake:4  | Reached skill level 22 in Fighting
 60486 | Snake:4  | Reached ****** piety under Trog
 60496 | Snake:4  | Got a serpentine rune of Zot
 61194 | D:13     | Found a gate to the Vaults.
 61213 | Vaults:1 | Entered Level 1 of the Vaults
 61396 | Vaults:1 | Received a gift from Trog
 61792 | Vaults:1 | Reached XP level 20. HP: 239/239 MP: 24/26
 61927 | Vaults:1 | Received a gift from Trog
 62078 | Vaults:1 | Reached skill level 23 in Fighting
 62911 | Vaults:2 | Found a magical portal.
 62921 | WizLab   | Entered Zonguldrok's Shrine
 63311 | WizLab   | Received a gift from Trog
 63568 | WizLab   | Noticed an antique lich
 63570 | WizLab   | Found the +9 sword of Zonguldrok {reap}
 63582 | WizLab   | Killed an antique lich
 63700 | Vaults:2 | Noticed Saint Roka
 63770 | Vaults:2 | Killed Saint Roka
 64348 | Vaults:2 | Received a gift from Trog
 64612 | Vaults:2 | Received a gift from Trog
 64891 | Vaults:2 | Reached XP level 21. HP: 242/252 MP: 28/28
 65467 | Vaults:3 | Reached skill level 10 in Evocations
 65482 | Vaults:3 | Reached skill level 24 in Fighting
 65574 | Vaults:3 | Found a staircase to the Crypt.
 65574 | Vaults:3 | Found an ancient bone altar of Kikubaaqudgha.
 65575 | Vaults:3 | Found a basalt altar of Yredelemnul.
 66006 | Vaults:3 | Received a gift from Trog
 66201 | Vaults:3 | Received a gift from Trog
 66671 | Vaults:3 | Paralysed by an eldritch tentacle for 5 turns
 66786 | Vaults:3 | Identified Deocyppi's Catalogue of the Voyage
 67016 | Vaults:3 | Received a gift from Trog
 67022 | Vaults:3 | Identified the Collected Works on Feathers
 67327 | Elf:1    | Entered Level 1 of the Elven Halls
 67531 | Elf:1    | Found Raar's Distillery.
 67921 | Elf:1    | Reached skill level 25 in Fighting
 69127 | Elf:1    | Received a gift from Trog
 69403 | Elf:2    | Found a runed gate.
 69403 | Elf:2    | Found a runed gate.
 69404 | Elf:2    | Found a runed gate.
 69463 | Elf:2    | Reached XP level 22. HP: 267/267 MP: 9/29
 69810 | Elf:2    | Received a gift from Trog
 70289 | Elf:2    | Received a gift from Trog
 70735 | Elf:3    | Entered Level 3 of the Elven Halls
 70747 | Elf:3    | Noticed Mara
 70760 | Elf:2    | Upgraded the game from 0.22-a0-322-g60b3cfd to 0.22-a0-348-gd16d139
 70771 | Elf:3    | Noticed seren's illusion
 70782 | Elf:2    | Killed Mara
 71012 | Elf:3    | Found Juibaxide's Magic Scroll Boutique.
 71037 | Elf:3    | Bought a scroll of fog for 26 gold pieces
 71051 | Elf:3    | Found Astiurphi's Weapon Shop.
 71273 | Elf:3    | Found Tatat's Food Boutique.
 71400 | Elf:3    | Found Goid's Distillery.
 71847 | Elf:3    | Received a gift from Trog
 72061 | Elf:3    | Cast into level 2 of the Abyss (deep elf demonologist)
 72120 | Elf:3    | Escaped the Abyss
 72299 | Elf:3    | Received a gift from Trog
 72801 | Elf:3    | Found the +8 autumn katana {slice, Clar}
 72824 | Elf:3    | Identified the Handbook of Cankerous Feathers
 72838 | Elf:3    | Identified Thaumaturgy in Simple Steps
 72989 | Elf:3    | Identified the Compendium of Intoxication and Battle Magic
 73789 | Snake:2  | Got a sparkling tin ring
 73804 | Snake:2  | Got a transparent copper amulet
 73820 | Snake:2  | Identified the ring "Cogaitt" {*Slow rC+ MR+ Str+9} (You found it on level 2 of the Snake Pit)
 73825 | Snake:2  | Identified the amulet "Vuyty" {Inacc rElec rPois Int+4 Stlth+} (You found it on level 2 of the Snake Pit)
 74254 | Vaults:4 | Received a gift from Trog
 74256 | Vaults:4 | Reached XP level 23. HP: 244/278 MP: 30/30
 74747 | Vaults:4 | Received a gift from Trog
 74779 | Vaults:4 | Got a polished executioner's axe {god gift}
 74780 | Vaults:4 | Identified the +2 executioner's axe of Leemio Muej {chop, MR+ Int+2} (Trog gifted it to you on level 4 of the Vaults)
 75010 | Vaults:4 | Reached skill level 26 in Fighting
 75742 | Elf:3    | Bought a scroll of identify for 26 gold pieces
 75742 | Elf:3    | Bought a scroll of identify for 26 gold pieces
 75742 | Elf:3    | Bought a scroll of identify for 26 gold pieces
 75742 | Elf:3    | Bought a scroll of enchant armour for 97 gold pieces
 75742 | Elf:3    | Bought a scroll of identify for 26 gold pieces
 76114 | D:13     | You paid a toll of 20 scrolls of identify to enter a treasure trove
 76115 | Trove    | Entered a treasure trove
 76119 | Trove    | Found the ring of the Octopus King
 76122 | Trove    | Got a crude turquoise ring
 76128 | Trove    | Got a scorched bronze ring
 76133 | Trove    | Got a ring of the Octopus King
 76137 | Trove    | Got a scorched marble ring
 76139 | Trove    | Got a twitching marble ring
 76188 | Trove    | Got a faintly glowing silver amulet
 76195 | Trove    | Identified the ring of the Camelopard {rC+ rN+ Str+2 Int+4} (You found it in a treasure trove)
 76200 | Trove    | Identified the ring of the Commoners {rC+ MR+ MP+9} (You found it in a treasure trove)
 76206 | Trove    | Identified a ring of the Octopus King {Wiz AC+1 EV+1 Str+1 Int+1 Dex+1} (You found it in a treasure trove)
 76208 | Trove    | Identified the ring of Ponla {rN+ Dex+4 Slay+2} (You found it in a treasure trove)
 76210 | Trove    | Identified the ring "Muuqeth" {Fire Int+3} (You found it in a treasure trove)
 76215 | Trove    | Identified the amulet "Gigac" {RegenMP rF++ Int+4 SInv Stlth-} (You found it in a treasure trove)
 76541 | Depths:1 | Entered Level 1 of the Depths
 76804 | Depths:1 | Received a gift from Trog
 77020 | Depths:1 | Received a gift from Trog
 77496 | Depths:1 | Found a one-way gate leading to the halls of Pandemonium.
 77871 | Depths:2 | You fall through a shaft!
 77971 | Depths:3 | Found a one-way gate to the infinite horrors of the Abyss.
 78184 | Depths:3 | Received a gift from Trog
 78192 | Depths:3 | Reached skill level 27 in Fighting
 78218 | Depths:3 | Noticed Sojobo
 78655 | Depths:3 | Killed Sojobo
 78655 | Depths:3 | Reached XP level 24. HP: 295/295 MP: 10/30
 79548 | Depths:3 | Noticed a caustic shrike
 79548 | Depths:3 | Noticed a juggernaut
 79554 | Depths:3 | Killed a caustic shrike
 79554 | Depths:3 | Received a gift from Trog
 79557 | Depths:3 | Killed a juggernaut
 79578 | Depths:3 | Noticed a caustic shrike
 79594 | Depths:3 | Killed a caustic shrike
 79828 | Depths:3 | Got a heavy robe
 79829 | Depths:3 | Identified the cursed +0 robe of Boutol {rN+ Dex+4} (You found it on level 3 of the Depths)
 80736 | Depths:3 | Received a gift from Trog
 81247 | Depths:4 | Paralysed by a sphinx for 5 turns
 81274 | Depths:4 | Found a gateway to a ziggurat.
 81539 | Depths:4 | Reached XP level 25. HP: 232/304 MP: 10/30
 81557 | Depths:4 | Got a sparkling glass ring
 81559 | Depths:4 | Identified the ring of Pitei {rC+ Str+3 Dex+3} (You found it on level 4 of the Depths)
 81650 | Depths:4 | Noticed a juggernaut
 81661 | Depths:4 | Killed a juggernaut
 81664 | Depths:4 | Received a gift from Trog
 81690 | Depths:4 | Got a warped flail {holy}
 81691 | Depths:4 | Identified the +10 flail "Goblinslayer" {holy, Dex+6} (You took it off a fire giant on level 4 of the Depths)
 82235 | Depths:5 | Entered Level 5 of the Depths
 82250 | Depths:5 | Noticed Boris
 82266 | Depths:5 | Killed Boris
 82598 | Depths:4 | Received a gift from Trog
 83858 | Depths:5 | Gained mutation: You are frail. (-10% HP) [a shining eye]
 84092 | Depths:5 | Received a gift from Trog
 84417 | Depths:5 | Received a gift from Trog
 85142 | Depths:5 | Reached skill level 15 in Throwing
 85256 | Depths:5 | Found a gate to the Realm of Zot.
 85292 | Depths:5 | Upgraded the game from 0.22-a0-348-gd16d139 to 0.22-a0-353-g2d6336e
 85639 | Crypt:1  | Entered Level 1 of the Crypt
 86646 | Crypt:1  | Received a gift from Trog
 86910 | Crypt:2  | Reached XP level 26. HP: 263/282 MP: 10/30
 87152 | Crypt:2  | Received a gift from Trog
 87502 | Crypt:3  | Entered Level 3 of the Crypt
 87976 | Crypt:3  | Found a basalt altar of Yredelemnul.
 88189 | Crypt:3  | Received a gift from Trog
 88433 | Crypt:3  | Received a gift from Trog
 89234 | Crypt:3  | Found a staircase to the Tomb.
 89258 | Crypt:3  | Identified the Collected Works on Dark Magic
 89505 | Crypt:3  | Found the macabre finger necklace {rN+}
 89559 | Crypt:3  | Upgraded the game from 0.22-a0-353-g2d6336e to 0.22-a0-358-g7563fe7
 90165 | Vaults:5 | Entered Level 5 of the Vaults
 90292 | Vaults:5 | Received a gift from Trog
 90925 | Vaults:5 | Identified the Reference Book on the Frostbite
 91101 | Vaults:5 | Noticed Jory
 91121 | Vaults:5 | Killed Jory
 91278 | Vaults:5 | Reached XP level 27. HP: 278/290 MP: 10/30
 91422 | Vaults:5 | Got a silver rune of Zot
 92405 | Vaults:5 | Received a gift from Trog
 92431 | Vaults:5 | Got a twitching iron ring
 92434 | Vaults:5 | Identified the ring of Elocosch {rPois Str-5 Dex+7 SInv} (You took it off an ironheart preserver on level 5 of the Vaults)
 92468 | Vaults:5 | Got a brightly glowing silver ring
 92471 | Vaults:5 | Identified the ring "Taett" {rF+ Int+3} (You found it on level 5 of the Vaults)
 92483 | Vaults:5 | Got a twisted rapier
 92484 | Vaults:5 | Identified the +1 rapier of Yntonuj {pierce, Str+2} (You found it on level 5 of the Vaults)
 92505 | Vaults:5 | Identified the Tome of Dark Weightlessness
 92540 | Vaults:5 | Got a scorched scythe {antimagic}
 92541 | Vaults:5 | Identified the +7 scythe of Devotion {antimagic, Str+2} (You took it off a frost giant on level 5 of the Vaults)
 92595 | Vaults:5 | Identified Qaeneap's Lost Secrets of Wizardry
 93402 | Swamp:4  | Got a decaying rune of Zot
 93724 | Orc:2    | Bought 2 potions of haste for 660 gold pieces
 93724 | Orc:2    | Bought a potion of might for 132 gold pieces
 93724 | Orc:2    | Bought a scroll of enchant weapon for 247 gold pieces
 93801 | D:9      | Bought a potion of heal wounds for 70 gold pieces
 93801 | D:9      | Bought a potion of agility for 56 gold pieces
 93801 | D:9      | Bought a potion of resistance for 140 gold pieces
 94104 | Zot:1    | Entered Level 1 of the Realm of Zot
 94519 | Zot:1    | Noticed Totori's ghost (veteran DsGl)
 94856 | Zot:1    | Killed Totori's ghost
 95034 | Zot:1    | Received a gift from Trog
 95547 | Zot:1    | Got a dazzling executioner's axe
 95555 | Zot:1    | Identified the +5 executioner's axe of Padwegaq {chop, +Fly Str+3} (You found it on level 1 of the Realm of Zot)
 97074 | Zot:2    | Reached skill level 15 in Evocations
 97810 | Zot:3    | Received a gift from Trog
 97840 | Zot:3    | Noticed Leszczynek's ghost (legendary HuWz)
 98766 | Zot:3    | Killed Leszczynek's ghost
 99887 | Zot:4    | Reached skill level 15 in Armour
100806 | Zot:4    | Noticed an orb of fire
100863 | Zot:4    | Killed an orb of fire
100904 | Zot:4    | Noticed an orb of fire
101207 | Zot:4    | Received a gift from Trog
101821 | Zot:5    | Entered Level 5 of the Realm of Zot
102088 | Zot:5    | Noticed an ancient lich
102102 | Zot:5    | Received a gift from Trog
102107 | Zot:5    | Killed an ancient lich
102177 | Zot:5    | Noticed an ancient lich
102196 | Zot:5    | Killed an ancient lich
102425 | Zot:5    | Noticed an ancient lich
102436 | Zot:5    | Killed an ancient lich
102453 | Zot:5    | Noticed an orb of fire
102453 | Zot:5    | Gained mutation: You are weak. (Str -2) [an orb of fire]
102466 | Zot:5    | Killed an orb of fire
102575 | Zot:4    | Upgraded the game from 0.22-a0-358-g7563fe7 to 0.22-a0-362-g535178c
102631 | Zot:5    | Noticed an ancient lich
102791 | Zot:5    | Noticed an orb of fire
102800 | Zot:5    | Noticed an orb of fire
102800 | Zot:5    | Killed an orb of fire
102803 | Zot:5    | Gained mutation: Your magical capacity is low. (-10% MP) [an orb of fire]
102809 | Zot:5    | Gained mutation: Scrolls take you a little longer to read. [an orb of fire]
102811 | Zot:5    | Gained mutation: Your body sometimes deteriorates upon taking damage. [an orb of fire]
102819 | Zot:5    | Noticed an orb of fire
102819 | Zot:5    | Noticed an orb of fire
102828 | Zot:5    | Killed an orb of fire
102832 | Zot:5    | Gained mutation: Your spells are a little easier to cast, but a little less powerful. [an orb of fire]
102839 | Zot:5    | Killed an orb of fire
102840 | Zot:5    | Killed an orb of fire
102852 | Zot:5    | Noticed an orb of fire
102854 | Zot:5    | HP: 9/290 [Orb Guardian (49)]
102854 | Zot:5    | Killed from afar by a green draconian stormcaller

Vault maps used:
D:1:      dpeg_arrival_rhombi
D:2:      minmay_unequal
D:3:      chequers_ecumenical_altar_twisty, minmay_distorted, uniq_ijyb,
          uniq_natasha
D:4:      marbit_many_paths, temple_green, serial_corexii_hall,
          corexii_hall_statues_t, corexii_hall_statues_x, serial_shops, shop,
          shop, nicolae_shop_statue_plus, nicolae_shop_waterfront, shop,
          ashenzari_altar_1
D:5:      first_ration, serial_shops, shop
D:6:      cheibrodos_fzero, uniq_eustachio
D:7:      grunt_dithmenos_smoke
D:8:      due_lair_maze_entry_diamond, basic_altar, grunt_ogre_cave
D:9:      serial_shops, shop, shop, nicolae_shop_crystal
D:11:     kennysheep_diamond
D:12:     erik_orc_4, uniq_harold
D:13:     grunt_vaults_entry_fortified, enter_trove_5, nicolae_twisting_strands,
          uniq_frances
D:14:     cheibrodos_monumental, grunt_decor_clamped, minmay_misc_feat_iff
D:15:     grunt_enter_depths_hoard, minmay_misc_feat_secret_circle,
          serial_shops, shop_coins
Temple:   compressed_dpeg_circular_temple
Lair:1:   minivault_24, minmay_stone_trees_medium, tgw_fedhas
Lair:2:   minmay_swamp_entry_reptiles
Lair:3:   uniq_fannar
Lair:4:   pond_and_an_island_with_a_cottage, nicolae_lair_yak_garden,
          infiniplex_staircase_pool, lemuel_fruit_tree
Lair:5:   portal_ice_cave_rime, eino_small_chamber_without_monster,
          uniq_josephine
Lair:6:   evil_forest, minmay_slime_entry_pillars, uniq_nessos
Swamp:1:  nicolae_swamp_little_tower
Swamp:2:  infiniplex_staircase_pool_2, uniq_kirke, uniq_nikola
Swamp:3:  nicolae_swamp_trees_clearing, swamp_pool2, cheibrodos_swamp_minitomb,
          uniq_louise
Swamp:4:  swamp_old_school
Snake:1:  grunt_megastairs_3, uniq_asterion
Snake:2:  gammafunk_its_a_trap, st_stairs_4
Snake:4:  grunt_snake_rune_spirals, serial_shops, bzr_entry_customers,
          grunt_ministairs_14, nicolae_snake_squiggles, st_stairs_8,
          uniq_vashnia, uniq_agnes, uniq_donald
Orc:1:    nicolae_volcano_entry_s_turn
Orc:2:    kennysheep_orc_mage_school, serial_shops, shop, trog_book, uniq_azrael
Elf:1:    serial_shops, nicolae_shop_competitors_out_of_business,
          evilmike_minifort, st_stairs_14, grunt_ministairs_3
Elf:2:    grunt_megastairs_4
Elf:3:    minmay_elf_hall_spiked, serial_shops, shop,
          nicolae_shop_temple_entry_statues_fountains,
          nicolae_shop_behind_doors, shop_fountains, grunt_megastairs_2,
          uniq_mara
Vaults:1: grunt_vaults_focal, dpeg_vaults_monster_row, v_misc_16, v_pattern_5,
          vaults_room_corners, v_misc_33, vaults_room_boxed,
          nicolae_vaults_puzzle_piece, vaults_dpeg_hooks, ontoclasm_vaults_twist
Vaults:2: v_misc_17, hangedman_vaults_nails, nicolae_vaults_network_star,
          vaults_room_pools, v_misc_10, vaults_dpeg_encased_lava,
          ontoclasm_vaults_decontamination, nicolae_vaults_gold_heap,
          mu_enter_wizlab_6, uniq_saint_roka
Vaults:3: nicolae_vaults_yaktaur_gun_rack, nicolae_vaults_twisting_passages,
          v_rooms_6, vaults_room_pool, nicolae_vaults_little_ls,
          vaults_room_pools, v_misc_5, grunt_vaults_hallway_short,
          nicolae_vaults_stairing_the_circle, minmay_crypt_entry_necro_gods,
          serial_hangedman_research, hangedman_research_quantum,
          hangedman_research_electronics
Vaults:4: v_misc_3, v_misc_23, nicolae_vaults_network_s,
          nicolae_vaults_statue_guard, vaults_room_pools,
          ontoclasm_vaults_bender, v_rooms_4, nicolae_vaults_little_squares_4,
          vaults_room_door_ring, grunt_vaults_diagonal, vaults_room_semicircle,
          vaults_room_semicircle, nicolae_vaults_back_hallway,
          hangedman_vaults_maws, nicolae_vaults_circle_grid_a
Vaults:5: serial_shops, uniq_jory
Crypt:1:  fountainhead
Crypt:2:  minmay_misc_feat_cross
Crypt:3:  grunt_crypt_end_deaths_head
Depths:1: serial_sigils_hangedman_gnaw, rand_demon_pan_entry_3,
          pf_hell_entry_great_geh, kilobyte_rumbling_trees, serial_bayou_shore_b
Depths:2: wad_pebble_path, rand_demon_pan_entry_1, minmay_misc_feat_roman,
          pf_hell_entry_tar_river
Depths:3: minmay_sliced_demisemicircle, infiniplex_staircase_zigzag_1,
          pan_entry, hangedman_abyss_entry_splay, grunt_hell_entry_dis_mu,
          kennysheep_cluttered_room, uniq_sojobo
Depths:4: giant_chief_lemuel, enter_ziggurat_c, hell_entry,
          nicolae_abyss_entry_one_way_or_another,
          onia_ninara_dug_in_and_dangerous, infiniplex_staircase_trident
Depths:5: evilmike_zot_entry_gauntlet, minmay_misc_feat_square, hell_entry,
          grunt_ministairs_4, kennysheep_kite_vault, uniq_boris
Zot:1:    hangedman_spider_trapstep
Zot:2:    grunt_twist_and_shout
Zot:4:    st_stairs_3, nrook_zot_tub
Abyss:2:  evilmike_abyss_exit_vortex
Bazaar:   bazaar_minmay_generic_box
Trove:    trove_jewel_2
IceCv:    ice_cave_statue_garden_teleport
WizLab:   wizlab_zonguldrok

Skill      XL: |  1  2  3  4  5  6  7  8  9 10 11 12 13 14 15 16 17 18 19 20 21 22 23 24 25 26 27 |
---------------+----------------------------------------------------------------------------------+-----
Dodging        | 3 4 5 7 10 11 12 14 | 14.2
Fighting       | 5 6 8 9 10 11 12 13 14 15 16 19 22 23 25 27 | 27.0
Axes           | 4 5 6 7 9 11 13 14 15 16 18 19 20 21 22 24 25 26 | 26.1
Throwing       | 1 2 4 8 9 10 12 15 17 20 | 20.2
Evocations     | 2 6 7 8 9 10 15 | 15.0
Armour         | 5 10 11 12 14 17 | 17.8
Maces & Flails | 1 |  1.5

Action                   |  1- 3 |  4- 6 |  7- 9 | 10-12 | 13-15 | 16-18 | 19-21 | 22-24 | 25-27 || total
-------------------------+-------+-------+-------+-------+-------+-------+-------+-------+-------++-------
Melee: Hand axe          |   150 |   200 |   571 |   696 |       |       |       |       |       ||  1617
       Mace              |       |       |     7 |     5 |       |       |       |       |       ||    12
       War axe           |       |       |       |   207 |  1092 |    72 |       |       |       ||  1371
       Battleaxe         |       |       |       |       |   326 |  1038 |  1276 |  1095 |   479 ||  4214
       Broad axe         |       |       |       |       |    12 |       |       |       |       ||    12
       Executioner's axe |       |       |       |       |     5 |       |       |   121 |  1653 ||  1779
 Fire: Hunting sling     |       |    41 |    10 |   122 |    24 |       |       |       |       ||   197
Throw: Javelin           |       |       |       |       |    11 |    26 |     6 |       |       ||    43
       Large rock        |       |       |       |       |       |       |       |    17 |    41 ||    58
Invok: Berserk           |       |     9 |    17 |    23 |    19 |    14 |     7 |    16 |    16 ||   121
       Trog's Hand       |       |       |     2 |     4 |    14 |     6 |     7 |    14 |     9 ||    56
       Brothers in Arms  |       |       |       |     3 |     3 |     4 |     2 |     5 |     9 ||    26
 Abil: Evoke Flight      |       |       |       |       |       |       |     1 |       |       ||     1
Evoke: Wand              |       |       |       |    24 |    13 |       |     1 |     2 |     7 ||    47
       Lamp of fire      |       |       |       |       |       |       |     1 |       |     2 ||     3
       Phial of floods   |       |       |       |       |       |       |       |     1 |       ||     1
       Phantom mirror    |       |       |       |       |       |       |       |     1 |       ||     1
       Box of beasts     |       |       |       |       |       |       |       |       |     1 ||     1
  Use: Scroll            |       |     7 |     3 |    15 |     8 |    11 |     3 |     9 |    22 ||    78
       Potion            |       |       |     5 |     1 |     2 |     2 |     3 |     4 |    18 ||    35
 Stab: Petrified         |       |       |       |     2 |     1 |       |       |       |       ||     3
       Distracted        |       |       |       |       |     2 |     1 |     3 |     2 |     1 ||     9
       Paralysed         |       |       |       |       |     1 |       |       |       |       ||     1
       Sleeping          |       |       |       |       |     1 |       |       |       |       ||     1
       Invisible         |       |       |       |       |       |       |       |       |     3 ||     3
  Eat: Chunk             |     2 |    17 |    29 |    41 |    67 |    59 |    53 |    62 |    59 ||   389
       Ration            |       |       |     4 |     8 |     7 |     1 |       |       |     7 ||    27
Armor: Animal skin       |    53 |    52 |    75 |   120 |       |       |       |       |       ||   300
       Skin              |       |       |    41 |       |       |       |       |       |       ||    41
       Robe              |       |       |       |    54 |   270 |     9 |       |       |       ||   333
       Fire dragon scale |       |       |       |       |       |    75 |   223 |   415 |   128 ||   841
       Swamp dragon scal |       |       |       |       |       |   209 |    70 |    29 |       ||   308
       Storm dragon scal |       |       |       |       |       |       |       |       |   518 ||   518
       Gold dragon scale |       |       |       |       |       |       |       |       |   258 ||   258
Dodge: Dodged            |    91 |   121 |   306 |   437 |   909 |   861 |   788 |   842 |  1436 ||  5791

Table legend:
 A = Spawn XP
 B = Non-spawn XP
 C = Spawn XP percentage of total XP
 D = Spawn monster count
 E = Non-spawn monster count
 F = Spawn count percentage of total count
 G = Total turns spent on level
                    A         B        C        D         E        F      G
               +---------+---------+-------+---------+---------+-------+---------
         Total |       0 | 1733102 |   0.0 |       0 |    2664 |   0.0 | 102854
               +---------+---------+-------+---------+---------+-------+---------
           D:1 |       0 |      45 |   0.0 |       0 |      28 |   0.0 |  1108
           D:2 |       0 |     230 |   0.0 |       0 |      38 |   0.0 |  2493
           D:3 |       0 |     314 |   0.0 |       0 |      33 |   0.0 |  1228
           D:4 |       0 |     818 |   0.0 |       0 |      25 |   0.0 |  1699
           D:5 |       0 |     537 |   0.0 |       0 |      16 |   0.0 |  2020
           D:6 |       0 |    2209 |   0.0 |       0 |      30 |   0.0 |  2378
           D:7 |       0 |    1474 |   0.0 |       0 |      31 |   0.0 |  3113
           D:8 |       0 |    3791 |   0.0 |       0 |      42 |   0.0 |  3637
           D:9 |       0 |     281 |   0.0 |       0 |       7 |   0.0 |  1448
          D:10 |       0 |    5000 |   0.0 |       0 |      49 |   0.0 |  1271
          D:11 |       0 |    6640 |   0.0 |       0 |      37 |   0.0 |  3565
          D:12 |       0 |   12953 |   0.0 |       0 |      70 |   0.0 |  2519
          D:13 |       0 |   17274 |   0.0 |       0 |      37 |   0.0 |  2717
          D:14 |       0 |   16142 |   0.0 |       0 |      41 |   0.0 |  1671
          D:15 |       0 |   16307 |   0.0 |       0 |      27 |   0.0 |  1281
        Lair:1 |       0 |   10999 |   0.0 |       0 |      42 |   0.0 |  5374
        Lair:2 |       0 |    6510 |   0.0 |       0 |      35 |   0.0 |  2671
        Lair:3 |       0 |    5498 |   0.0 |       0 |      38 |   0.0 |  2492
        Lair:4 |       0 |    6688 |   0.0 |       0 |      25 |   0.0 |  2298
        Lair:5 |       0 |    4253 |   0.0 |       0 |      19 |   0.0 |  1312
        Lair:6 |       0 |   25666 |   0.0 |       0 |      77 |   0.0 |  2343
       Swamp:1 |       0 |   12363 |   0.0 |       0 |      29 |   0.0 |  1494
       Swamp:2 |       0 |   19369 |   0.0 |       0 |      27 |   0.0 |  1891
       Swamp:3 |       0 |   20397 |   0.0 |       0 |      42 |   0.0 |  1115
       Swamp:4 |       0 |   28443 |   0.0 |       0 |      66 |   0.0 |   955
       Snake:1 |       0 |   15990 |   0.0 |       0 |      27 |   0.0 |  1055
       Snake:2 |       0 |   16063 |   0.0 |       0 |      34 |   0.0 |  1278
       Snake:3 |       0 |   21501 |   0.0 |       0 |      46 |   0.0 |  1775
       Snake:4 |       0 |  108480 |   0.0 |       0 |     169 |   0.0 |  3544
         Orc:1 |       0 |    4073 |   0.0 |       0 |      46 |   0.0 |  1525
         Orc:2 |       0 |   12578 |   0.0 |       0 |      76 |   0.0 |  1953
         Elf:1 |       0 |   27099 |   0.0 |       0 |      42 |   0.0 |  1814
         Elf:2 |       0 |   53335 |   0.0 |       0 |      64 |   0.0 |  1987
         Elf:3 |       0 |   58222 |   0.0 |       0 |      58 |   0.0 |  1892
      Vaults:1 |       0 |   50195 |   0.0 |       0 |      91 |   0.0 |  1641
      Vaults:2 |       0 |   42512 |   0.0 |       0 |      86 |   0.0 |  2039
      Vaults:3 |       0 |   66007 |   0.0 |       0 |     107 |   0.0 |  2142
      Vaults:4 |       0 |   42135 |   0.0 |       0 |      61 |   0.0 |  1333
      Vaults:5 |       0 |  129624 |   0.0 |       0 |     105 |   0.0 |  2713
       Crypt:1 |       0 |   30966 |   0.0 |       0 |      40 |   0.0 |  1030
       Crypt:2 |       0 |   13342 |   0.0 |       0 |      28 |   0.0 |   771
       Crypt:3 |       0 |   77919 |   0.0 |       0 |     124 |   0.0 |  2165
      Depths:1 |       0 |   25433 |   0.0 |       0 |      40 |   0.0 |   857
      Depths:2 |       0 |   24589 |   0.0 |       0 |      26 |   0.0 |   723
      Depths:3 |       0 |   93674 |   0.0 |       0 |      79 |   0.0 |  2067
      Depths:4 |       0 |   96976 |   0.0 |       0 |      94 |   0.0 |  2698
      Depths:5 |       0 |   78908 |   0.0 |       0 |      68 |   0.0 |  3117
         Zot:1 |       0 |   59911 |   0.0 |       0 |      43 |   0.0 |  1791
         Zot:2 |       0 |   72465 |   0.0 |       0 |      53 |   0.0 |  1664
         Zot:3 |       0 |   56574 |   0.0 |       0 |      28 |   0.0 |  1642
         Zot:4 |       0 |   94018 |   0.0 |       0 |      52 |   0.0 |  1576
         Zot:5 |       0 |  117640 |   0.0 |       0 |      30 |   0.0 |   874
        WizLab |       0 |   18672 |   0.0 |       0 |      36 |   0.0 |   752
               +---------+---------+-------+---------+---------+-------+---------
